AoeStats
← The_Nameless

Fortress

507309610Analyzed
2v2 RM · 14d ago on Sep 17, 2026· 42m 28s· 4 players
Game mode
Random Map
Map size
Normal (6 player)
Population
200
Speed
Normal
Resources
Standard
Victory
Conquest
Starting age
Dark Age
Ending age
Imperial Age
RankedLock teamsTeams togetherTeam positionsShared explorationLock speedFull tech treeHidden civsTurbo modeCheats
Victory
Defeat
🇬🇧 Franks · United Kingdom
733
+13
🇬🇧 Goths · United Kingdom
733
+13
🇫🇷 Hindustanis · France
685
-14
🇳🇱 Slavs · Netherlands
643
-12
x311219
4:24 Loom
6:40 Feudal Age
7:05 Double-Bit Axe
7:17 Horse Collar
12:23 Gold Mining
12:24 Stone Mining
15:19 Castle Age
13:48 Fletching
14:02 Padded Archer Armor
16:03 Wheelbarrow
17:06 Caravan
18:49 Fervor
26:34 Imperial Age
24:44 Fortified Wall
26:04 Bodkin Arrow
26:26 Leather Archer Armor
26:19 Thumb Ring
27:28 Gold Shaft Mining
28:21 Chemistry
28:04 Heavy Plow
28:24 Hand Cart
28:37 Bow Saw
29:24 Conscription
30:58 Grand Trunk Road
31:41 Ring Archer Armor
31:38 Town Watch
33:31 Shatagni
35:52 Ballistics
40:20 Pikeman
41:00 Squires
JesseThebeast67
6:29 Feudal Age
7:46 Wheelbarrow
6:55 Horse Collar
7:02 Double-Bit Axe
12:00 Gold Mining
16:04 Castle Age
14:15 Stone Mining
17:03 Hand Cart
17:01 Bow Saw
16:54 Heavy Plow
21:10 Pikeman
27:44 Light Cavalry
28:35 Bloodlines
28:26 Husbandry
28:42 Caravan
29:47 Gold Shaft Mining
29:31 Guard Tower
29:58 Fortified Wall
31:50 Man-at-Arms
33:38 Long Swordsman
41:03 Imperial Age
38:51 Squires
39:05 Scale Mail Armor
39:16 Forging
39:13 Scale Barding Armor
41:36 Guard Tower
42:47 Chemistry
42:08 Ballistics
41:15 Two-Handed Swordsman
41:18 Halberdier
ilovetodestroy
8:33 Feudal Age
10:27 Double-Bit Axe
15:47 Castle Age
15:19 Horse Collar
15:36 Gold Mining
15:44 Stone Mining
17:02 Forging
18:37 Stone Shaft Mining
18:06 Heavy Plow
18:19 Bow Saw
22:32 Scale Mail Armor
24:50 Squires
24:54 Anarchy
25:33 Iron Casting
25:15 Chain Mail Armor
27:54 Wheelbarrow
27:10 Town Watch
31:14 Imperial Age
29:03 Hand Cart
29:25 Man-at-Arms
29:31 Pikeman
32:30 Elite Huskarl
33:06 Long Swordsman
34:24 Halberdier
39:56 Blast Furnace
39:31 Ballistics
40:12 Chemistry
39:17 Two-Handed Swordsman
41:07 Caravan
The_Nameless
8:04 Feudal Age
6:24 Loom
8:28 Loom
9:25 Wheelbarrow
9:09 Double-Bit Axe
15:02 Scale Barding Armor
15:08 Forging
18:01 Castle Age
18:11 Gold Mining
18:46 Husbandry
19:08 Chain Barding Armor
19:24 Iron Casting
19:02 Bow Saw
28:39 Imperial Age
27:41 Hand Cart
30:59 Plate Barding Armor
31:24 Blast Furnace
29:47 Cavalier
31:04 Conscription
30:09 Capped Ram
33:43 Gold Shaft Mining
33:02 Stone Mining
34:46 Conscription
35:38 Paladin
37:59 Siege Engineers
Connection lost

Rejoining the realm…

Still unreachable

The connection could not be restored.

Session expired

The server has moved on; the page needs a fresh start.